 Dungeon Crawl Stone Soup version 0.30-a0-600-gb7c8574cbb (webtiles) character file.

Game seed: 9511351475048408494

3979 Grim the Fighter (level 10, -7/120 HPs)
             Began as an Ogre Berserker on Jan 7, 2023.
             Was a Believer of Trog.
             Mangled by a wolf (9 damage)
             ... led by Grum
             ... on level 9 of the Dungeon.
             The game lasted 00:10:06 (8482 turns).

Grim the Fighter (Ogre Berserker)                   Turns: 8482, Time: 00:10:06

Health: -7/120     AC:  3    Str: 23    XL:     10   Next: 22%
Magic:  10/10      EV: 10    Int:  8    God:    Trog [**....]
Gold:   444        SH:  0    Dex: 12    Spells: 9/9 levels left

rFire   . . .      SeeInvis .    E - +0 mace (heavy)
rCold   . . .      Faith    .    (no shield)
rNeg    . . .      Spirit   .    c - +0 robe
rPois   .          Reflect  .    (helmet restricted)
rElec   .          Harm     .    (no cloak)
rCorr   +          Rampage  .    (gloves unavailable)
Will    +....                    (boots unavailable)
Stlth   +                        (no amulet)
HPRegen 0.40/turn                K - ring of resist corrosion
MPRegen 0.12/turn                (no ring)

@: on berserk cooldown, slowed, very slow
A: large, unfitting armour, tough skin 1
a: Renounce Religion, Berserk, Trog's Hand


You were on level 9 of the Dungeon.
You worshipped Trog.
Trog was pleased with you.
You visited 1 branch of the dungeon, and saw 9 of its levels.

You collected 444 gold pieces.

Inventory:

Hand Weapons
 a - a +0 mace
 s - a +0 flail of protection
 z - a +0 giant spiked club
 E - a +0 heavy mace (weapon)
Missiles
 e - 6 boomerangs (quivered)
 j - 21 poisoned darts
 F - 3 datura-tipped darts
 L - a throwing net
Armour
 b - a +0 animal skin
 c - a +0 robe (worn)
Jewellery
 K - a ring of resist corrosion (left hand)
Wands
 m - a wand of flame (2)
 o - a wand of mindburst (15)
 r - a wand of roots (6)
 G - a wand of charming (9)
Scrolls
 d - 12 scrolls of identify {unknown}
 g - a scroll of acquirement {unknown}
 i - 2 scrolls of fear {unknown}
 k - 2 scrolls of noise {unknown}
 l - a scroll of silence {unknown}
 n - 3 scrolls of teleportation {unknown}
 t - a scroll of poison {unknown}
 u - 3 scrolls of fog {unknown}
 y - 3 scrolls of enchant armour {unknown}
 A - 2 scrolls of amnesia {unknown}
 C - a scroll of torment {unknown}
 D - a scroll of blinking {unknown}
 H - a scroll of vulnerability {unknown}
 I - a scroll of immolation {unknown}
Potions
 f - a potion of lignification {unknown}
 h - 10 potions of curing
 p - a potion of heal wounds {unknown}
 q - 2 potions of attraction {unknown}
 v - 2 potions of ambrosia {unknown}
 w - a potion of degeneration {unknown}
 B - 2 potions of invisibility {unknown}
 J - a potion of berserk rage {unknown}
Miscellaneous
 x - a piece from Xom's chessboard (15/15)


   Skills:
 + Level 13.7 Fighting
 + Level 9.8 Maces & Flails
 - Level 2.6 Dodging


You had 9 spell levels left.
You didn't know any spells.
Your spell library was empty.

Dungeon Overview and Level Annotations

Branches:
Dungeon (9/15)             Temple (0/1) D:7
   Lair: D:8-11         Orc: D:9-12

Altars:
Elyvilon
Fedhas
Gozag
Hepliaklqana
Makhleb
Nemelex Xobeh
Qazlal
Ru
Wu Jian
Xom
Zin

Shops:
D:6 (

Annotations:
D:4 1 transporter
D:7 exclusion: oklob plant


Innate Abilities, Weirdness & Mutations

You are too large for most types of armour.
You have tough skin. (AC +1)


Message History

The wolf bites you!
* * * LOW HITPOINT WARNING * * *
The wolf bites you.
* * * LOW HITPOINT WARNING * * *
The wolf bites you.
* * * LOW HITPOINT WARNING * * *
You are too injured to fight recklessly!
You are too injured to fight recklessly!
You barely miss the wolf.
The wolf is severely wounded.
The wolf bites you.
* * * LOW HITPOINT WARNING * * *
The wolf closely misses you. The wolf bites you!
* * * LOW HITPOINT WARNING * * *
You closely miss the wolf.
The wolf is severely wounded.
The wolf barely misses you. The wolf bites you.
* * * LOW HITPOINT WARNING * * *
The wolf bites you but does no damage. The wolf barely misses you.
You barely miss the wolf.
The wolf is severely wounded.
The wolf closely misses you.
The wolf bites you but does no damage. x2
You barely miss the wolf.
The wolf is severely wounded.
The wolf bites you!
* * * LOW HITPOINT WARNING * * *
The wolf closely misses you. The wolf bites you!
* * * LOW HITPOINT WARNING * * *
You hit the wolf.
The wolf is almost dead.
The wolf barely misses you. The wolf bites you!
* * * LOW HITPOINT WARNING * * *
The wolf bites you.
* * * LOW HITPOINT WARNING * * *
You closely miss the wolf.
The wolf is almost dead.
The wolf bites you!
* * * LOW HITPOINT WARNING * * *
The wolf barely misses you. The wolf bites you!
You die...

#.##.# #.#
###.##.#######.#
....##.........#
##########.#####
##########.#
...........#
##########.#
#.########.#
#......@h..#
#.########<# #.#
#.# #.#
#.##########
####..........
#...#######..#
#...# #..#


You could see a wolf.

Vanquished Creatures
  2 two-headed ogres
  A manticore (D:7)
  A wyvern (D:7)
  Grum (D:9)
  A water moccasin (D:7)
  2 black bears
  An orc warrior (D:8)
  2 ice beasts
  An ogre (D:5)
  A centaur (D:9)
  3 wolves (D:9)
  A phantom (D:7)
  A necrophage (D:7)
  2 gnoll sergeants
  2 scorpions
  5 wights (D:6)
  3 hounds
  An orc priest (D:8)
  3 iguanas
  Ijyb (D:3)
  Terence (D:3)
  10 gnolls
  11 adders
  2 white imps
  An ufetubus (D:5)
  A worm (D:3)
  2 dart slugs (D:3)
  6 orcs
  6 endoplasms
  5 giant cockroaches
  7 goblins
  5 hobgoblins
  4 jackals (D:4)
  10 kobolds
  4 quokkas
  9 ball pythons
  4 bats
  4 frilled lizards
  6 rats
  2 bushes (D:7)
  A butterfly (D:5)
136 creatures vanquished.

Vanquished Creatures (others)
  3 plants (D:7)
  15 toadstools (D:7)
18 creatures vanquished.

Grand Total: 154 creatures vanquished

Notes
Turn   | Place    | Note
-------+----------+-------------------------------------------
     0 | D:1      | Grim the Ogre Berserker began the quest for the Orb.
     0 | D:1      | Reached XP level 1. HP: 24/24 MP: 1/1
   144 | D:1      | Reached XP level 2. HP: 33/33 MP: 2/2
   543 | D:1      | Reached XP level 3. HP: 40/40 MP: 3/3
  1005 | D:2      | Reached skill level 5 in Fighting
  1281 | D:2      | Reached XP level 4. HP: 50/50 MP: 4/4
  1302 | D:2      | Reached ** piety under Trog
  1436 | D:2      | Found a faded altar of an unknown god.
  1758 | D:3      | Found a hazy altar of Hepliaklqana.
  2022 | D:3      | Noticed Terence
  2033 | D:3      | Killed Terence
  2034 | D:3      | Reached XP level 5. HP: 49/59 MP: 5/5
  2194 | D:3      | Noticed Ijyb
  2207 | D:3      | Killed Ijyb
  2208 | D:3      | Reached skill level 6 in Fighting
  2971 | D:4      | Found a sparkling altar of Nemelex Xobeh.
  2971 | D:4      | Found a transporter.
  3089 | D:4      | Found an opulent altar of Gozag.
  3090 | D:4      | Found a stormy altar of Qazlal.
  3101 | D:4      | Reached XP level 6. HP: 62/68 MP: 6/6
  3434 | D:4      | Found a sacrificial altar of Ru.
  3730 | D:5      | Entered Level 5 of the Dungeon
  3739 | D:5      | Found a shimmering altar of Xom.
  3882 | D:5      | Found a glowing silver altar of Zin.
  3991 | D:5      | Reached skill level 7 in Fighting
  4009 | D:5      | Reached skill level 5 in Maces & Flails
  4036 | D:5      | Noticed an ice beast
  4045 | D:5      | Killed an ice beast
  4046 | D:5      | Reached XP level 7. HP: 78/78 MP: 7/7
  4116 | D:5      | Reached skill level 8 in Fighting
  4360 | D:5      | Found a white marble altar of Elyvilon.
  4383 | D:5      | Found an ornate altar of the Wu Jian Council.
  4759 | D:6      | Noticed a two-headed ogre
  4767 | D:6      | Killed a two-headed ogre
  4768 | D:6      | Reached skill level 10 in Fighting
  4768 | D:6      | Reached XP level 8. HP: 46/93 MP: 8/8
  5531 | D:6      | Found Caiptux's Weapon Boutique.
  5859 | D:7      | Noticed a manticore
  5871 | D:7      | Killed a manticore
  5872 | D:7      | Reached skill level 11 in Fighting
  5872 | D:7      | Reached XP level 9. HP: 44/105 MP: 9/9
  6243 | D:7      | Found a staircase to the Ecumenical Temple.
  6473 | D:7      | Reached skill level 12 in Fighting
  6979 | D:7      | Found a blossoming altar of Fedhas.
  6991 | D:7      | Noticed an oklob plant
  7594 | D:8      | Found a burning altar of Makhleb.
  7677 | D:8      | Noticed a two-headed ogre
  7704 | D:8      | Killed a two-headed ogre
  7705 | D:8      | Reached skill level 13 in Fighting
  7705 | D:8      | Reached XP level 10. HP: 49/119 MP: 10/10
  8457 | D:9      | Noticed Grum
  8465 | D:9      | Killed Grum
  8482 | D:9      | HP: 2/120 [wolf[Grum] (7)]
  8482 | D:9      | Mangled by a wolf

Illustrated notes

Levels and vault maps discovered:
D:1:      dpeg_arrival_tiny_c, layout_basic, kennysheep_minor_cross,
          st_stairs_11, minmay_pentomino_z2
D:2:      layout_basic, hellmonk_ecumenical_altar_lost_god
D:3:      layout_basic, lemuel_tele_altar, uniq_ijyb, uniq_terence
D:4:      layout_loops_ring, mainiacjoe_overflow_alcove_1,
          grunt_nemelex_the_gamble, jmf_multi_god_temple
D:5:      layout_cave_pods, xom_butterflies,
          nicolae_wu_jian_immortal_techniques, marbit_many_paths,
          zin_scriptorium
D:6:      layout_basic, nicolae_take_the_stairs
D:7:      layout_basic, tgw_fedhas, minmay_temple_entry_overgrown,
          enter_ossuary_1
D:8:      layout_loops_ring, mainiacjoe_overflow_small_starburst
D:9:      layout_loops_ring, david_lair_generic, chequers_avenue,
          minmay_increasing_density, uniq_grum

Skill      XL: |  1  2  3  4  5  6  7  8  9 |
---------------+----------------------------+-----
Maces & Flails | 3 4 5 7 8 9 |  9.8
Fighting       | 5 6 7 10 11 13 | 13.7
Dodging        | |  2.6

Action                   |  1- 3 |  4- 6 |  7- 9 | 10-12 || total
-------------------------+-------+-------+-------+-------++-------
Melee: Mace              |    91 |    68 |   157 |    40 ||   356
       Punch             |     2 |     1 |     2 |       ||     5
       Flail             |       |    96 |    36 |       ||   132
Invok: Berserk           |       |     3 |     8 |     3 ||    14
       Trog's Hand       |       |       |     1 |     2 ||     3
 Stab: Sleeping          |       |     1 |     1 |       ||     2
       Distracted        |       |       |     1 |       ||     1
Armor: Robe              |    21 |    61 |    29 |    10 ||   121
       Animal skin       |     1 |       |       |       ||     1
Dodge: Dodged            |    53 |    73 |    92 |    39 ||   257

Table legend: (Time is in decaauts)
 A = Elapsed time spent in this place.
 B = Non-inter-level travel time spent in this place.
 C = Inter-level travel time spent in this place.
 D = Time resting spent in this place.
 E = Time spent auto-exploring this place.
 F = Levels seen in this place.
 G = Mean time per level.
                   A        B        C        D        E       F      G
               +--------+--------+--------+--------+--------+-----+--------+
         Total |   8750 |   8495 |    255 |   2163 |   5041 |   9 |  972.2 |
       Dungeon |   8750 |   8495 |    255 |   2163 |   5041 |   9 |  972.2 |
               +--------+--------+--------+--------+--------+-----+--------+

Top non-repeatable levels by time:
     D:6: 1539 daAuts
     D:3: 1221 daAuts
     D:7: 1087 daAuts
     D:1: 977 daAuts
     D:5: 942 daAuts
     D:4: 916 daAuts
     D:9: 785 daAuts
     D:2: 686 daAuts
     D:8: 592 daAuts
